 Dungeon Crawl Stone Soup version 0.23-a0-449-g8e4cbf7 (webtiles) character file.

11 Lavandula the Sneak (level 2, -1/22 HPs)
             Began as a Naga Air Elementalist on Nov 22, 2018.
             Slain by a hobgoblin
             ... wielding a +0 club
              (3 damage)
             ... on level 1 of the Dungeon.
             The game lasted 00:01:03 (85 turns).

Lavandula the Sneak (Naga Air Elementalist)           Turns: 85, Time: 00:01:04

Health: -1/22      AC:  1    Str: 10    XL:     2   Next: 29%
Magic:  0/5        EV: 10    Int: 15    God:
Gold:   0          SH:  0    Dex: 11    Spells: 5/6 levels left

rFire    . . .     SeeInvis +   (no weapon)
rCold    . . .     Gourm    .   (no shield)
rNeg     . . .     Faith    .   a - +0 robe
rPois    +         Spirit   .   (no helmet)
rElec    .         Reflect  .   (no cloak)
rCorr    .         Harm     .   (no gloves)
MR       .....                  (no barding)
Stlth    ++........             (no amulet)
HPRegen  0.07/turn              (no ring)
MPRegen  0.09/turn              (no ring)

@: very slow
A: large, see invisible, deformed body, poison resistance, slowness 2, slow
metabolism 1, spit poison 1, AC +0
a: Spit Poison


You were on level 1 of the Dungeon.
You were not hungry.

You visited 1 branch of the dungeon, and saw 2 of its levels.

Inventory:

Armour
 a - a +0 robe (worn)
Comestibles
 c - a ration


   Skills:
 - Level 1.5 Dodging
 - Level 3.0 Stealth
 + Level 2.8 Spellcasting
 - Level 1.0 Conjurations
 - Level 3.0 Air Magic


You had 5 spell levels left.
You knew the following spells:

 Your Spells              Type           Power        Failure   Level  Hunger
a - Shock                 Conj/Air       #...         9%          1    #......

Your spell library contained the following spells:

 Spells                   Type           Power        Failure   Level  Hunger
 Swiftness                Chrm/Air       #.......     17%         2    ##.....
 Static Discharge         Conj/Air       #.......     26%         3    ###....
 Airstrike                Air            ##........   52%         4    #####..
 Lightning Bolt           Conj/Air       #.........   94%         5    ######.


Dungeon Overview and Level Annotations

Branches:
Dungeon (2/15)

Altars:

Annotations:
D:2 Robin


Innate Abilities, Weirdness & Mutations

You cannot wear boots.
Your serpentine skin is tough. (AC +0)
You have supernaturally acute eyesight. (SInv)
Armour fits poorly on your strangely shaped body.
Your system is resistant to poisons. (rPois)
You cover ground very slowly.
You have a slow metabolism.
You can spit poison.


Message History

The splash of poison hits the hobgoblin.
The hobgoblin appears unharmed.
You feel slightly more hungry. The hobgoblin misses you.
You have got your breath back.
The hobgoblin hits you with a +0 club.
* * * LOW HITPOINT WARNING * * *
You see here a jackal corpse.
The hobgoblin hits you with a +0 club.
* * * LOW HITPOINT WARNING * * *
Casting: Shock (safe; 9% risk of failure)
Confirm with . or Enter, or press ? or * to list all spells.
Aiming: Shock (safe; 9% risk of failure)
Press: ? - help, Shift-Dir - straight line, f - kobold, p - hobgoblin
Aim: a kobold, wielding a +0 dagger The zap hits the hobgoblin.
The hobgoblin is almost dead.
The zap hits the kobold.
The kobold is moderately wounded.
The hobgoblin hits you with a +0 club.
You die...

......................>
..............#####..).
.............# #....
............#####..#.
#..........#......#.
#.....)....†......#.
#...K...(...........
...##...g.....†......#..
.......@#####...........
#...........)..(........
...........?............
.........$......###.....
...(............# .....
###......(......# .....
#.............# ....
#...............
#...........###.


You could see a hobgoblin and a kobold.

Vanquished Creatures
  A giant cockroach (D:1)
  2 goblins (D:1)
  A hobgoblin (D:1)
  2 jackals (D:1)
  A kobold (D:1)
  A ball python (D:1)
  2 rats (D:1)
10 creatures vanquished.

Notes
Turn   | Place    | Note
-------+----------+-------------------------------------------
     0 | D:1      | Lavandula the Naga Air Elementalist began the quest for the
                  | Orb.
     0 | D:1      | Reached XP level 1. HP: 15/15 MP: 3/3
    19 | D:2      | Noticed Robin
    62 | D:1      | Reached XP level 2. HP: 17/22 MP: 0/5
    85 | D:1      | Slain by a hobgoblin

Vault maps used:
D:1:      eino_arrival_tree_alley, item_on_display_b
D:2:      minmay_skewed_foursquare, chequers_serial_rivers_small_a, uniq_robin

Action                   || total
-------------------------++-------
Melee: Unarmed           ||     5
 Cast: Shock             ||     9
 Abil: Spit Poison       ||     8
Armor: Robe              ||     1
Dodge: Dodged            ||    18

Table legend:
 A = Non-vault XP
 B = Vault XP
 C = Vault XP percentage of total XP
 D = Non-vault monster count
 E = Vault monster count
 F = Vault count percentage of total count
                 A         B        C        D         E       F
            +---------+---------+-------+---------+---------+-------
      Total |      15 |       2 |  11.8 |       9 |       1 |  10.0
            +---------+---------+-------+---------+---------+-------
        D:1 |      15 |       2 |  11.8 |       9 |       1 |  10.0
            +---------+---------+-------+---------+---------+-------
